 Dungeon Sprint DCSS version 0.30-a0-1163-gf69bf04e7a (webtiles) character file.

Game seed: 11523020795424461319

70 sircluck the Chopper (level 4, -2/45 HPs)
             Began as a Hill Orc Berserker on Apr 28, 2023.
             Was a Priest of Trog.
             Splashed by a jelly's acid (11 damage)
             ... in the Dungeon (Sprint IX: "|||||||||||||||||||||||||||||").
             The game lasted 00:00:11 (60 turns).

sircluck the Chopper (Hill Orc Berserker)             Turns: 60, Time: 00:00:13

Health: -2/45      AC: -1    Str: 21    XL:     4   Next: 21%
Magic:  4/4        EV: 12    Int:  7    God:    Trog [***...]
Gold:   0          SH:  0    Dex: 10    Spells: 3/3 levels left

rFire   . . .        a - +0 hand axe
rCold   . . .        (no shield)
rNeg    . . .        b - +0 animal skin
rPois   .            (no helmet)
rElec   .            (no cloak)
rCorr   .            (no gloves)
SInv    .            (no boots)
Will    .....        (no amulet)
Stlth   +            (no ring)
HPRegen 0.27/turn    (no ring)
MPRegen 0.09/turn

%: no teleportation
@: weakened, corroded, on berserk cooldown, slowed, very slow
A: no striking features
a: Renounce Religion, Berserk, Trog's Hand


You were in the Dungeon.
You worshipped Trog.
Trog was most pleased with you.
You visited 1 branch

Inventory:

Hand Weapons
 a - a +0 hand axe (weapon)
Armour
 b - a +0 animal skin (worn)
Scrolls
 h - a scroll of blinking
Potions
 c - a potion of curing
 d - a potion of heal wounds
 e - a potion of haste
 f - 2 potions of magic
 g - a potion of berserk rage


   Skills:
 + Level 6.8 Fighting
 + Level 7.7 Axes
 + Level 3.2 Armour
 + Level 2.8 Dodging


You had 3 spell levels left.
You didn't know any spells.
Your spell library was empty.

Dungeon Overview and Level Annotations

Branches:
Dungeon (1/1)

Altars:


Message History

You hit the iguana.
The iguana is almost dead.
The iguana misses you.
You hit the iguana.
You kill the iguana!
Trog accepts your kill.
Your Fighting skill increases to level 6!
Your Axes skill increases to level 6!
You have reached level 3!
Your experience leads to an increase in your attributes!
Increase (S)trength, (I)ntelligence, or (D)exterity?
You feel stronger. x2
You slash the gnoll bouda!
The gnoll bouda is heavily wounded.
You hit the gnoll bouda.
The gnoll bouda is almost dead.
The gnoll bouda closely misses you.
You slash the gnoll bouda!
You kill the gnoll bouda!
Trog accepts your kill.
Your Axes skill increases to level 7!
Your Armour skill increases to level 3!
You have reached level 4!
You are no longer berserk.
You are exhausted.
You feel yourself slow down. The jelly barely misses you.
Items here: ( )) [[ †††.
You hit the jelly.
Your hands burn!
The jelly is lightly wounded.
The jelly misses you.
You hit the jelly.
Your hands burn!
The jelly is moderately wounded.
The jelly misses you. The jelly hits you.
You are splashed with acid!
* * * LOW HITPOINT WARNING * * *
You hit the jelly but do no damage. The acid corrodes you!
Your hands burn!
* * * LOW HITPOINT WARNING * * *
The jelly is lightly wounded.
The jelly hits you.
* * * LOW HITPOINT WARNING * * *
You are splashed with acid!
You die... ▓▓▓▓▓▓▓▓▓▓▓▓▓▓▓▓▓▓ +...J@'.....†...<▓ ▓▓▓▓▓▓▓▓▓▓▓▓▓▓▓▓▓▓

You could see a jelly.

Vanquished Creatures
  A gnoll bouda (D)
  An iguana (D)
  An adder (D)
  An orc (D)
  A hobgoblin (D)
  A ball python (D)
  A bat (D)
  A frilled lizard (D)
  A rat (D)
9 creatures vanquished.

Notes
Turn   | Place    | Note
-------+----------+-------------------------------------------
     0 | D        | sircluck the Hill Orc Berserker began the quest for the
                  | Orb.
     0 | D        | Reached XP level 1. HP: 19/19 MP: 1/1
    12 | D        | Reached ** piety under Trog
    32 | D        | Noticed a jelly
    32 | D        | Noticed a gnoll bouda
    32 | D        | Noticed an iguana
    44 | D        | Reached skill level 5 in Axes
    47 | D        | Reached *** piety under Trog
    48 | D        | Reached skill level 5 in Fighting
    48 | D        | Reached XP level 2. HP: 29/29 MP: 2/2
    54 | D        | Reached skill level 6 in Axes
    54 | D        | Reached XP level 3. HP: 30/37 MP: 3/3
    57 | D        | Reached skill level 7 in Axes
    57 | D        | Reached XP level 4. HP: 37/45 MP: 4/4
    60 | D        | Splashed by a jelly's acid

Illustrated notes

Levels and vault maps discovered:
D:        linesprint [early_d, line_temple, items_1, d_10, items_2, lair_1,
          lair_end, items_3, orc_1, orc_end, items_4, d_15, swamp_1, shoals_1,
          snake_1, spider_1, d_20, vaults_1, items_5, swamp_end, shoals_end,
          snake_end, spider_end, vaults_end, d_27, items_6, zot_1, zot_end,
          crypt_end, forest_end, elf_end, slime_end, tomb_end, abyss_end,
          pan_hell_end]

Skill      XL: |  1  2  3 |
---------------+----------+-----
Fighting       | 5 6 |  6.8
Axes           | 5 6 7 |  7.7
Dodging        | 2 |  2.8
Armour         | 3 |  3.2

Action                     |  1- 3 |  4- 6 || total
---------------------------+-------+-------++-------
  Melee: Hand axe          |    35 |     3 ||    38
 Invoke: Berserk           |     1 |       ||     1
 Armour: Animal skin       |     5 |       ||     5
  Dodge: Dodged            |    14 |     3 ||    17

Table legend: (Time is in decaauts)
 A = Elapsed time spent in this place.
 B = Non-inter-level travel time spent in this place.
 C = Inter-level travel time spent in this place.
 D = Time resting spent in this place.
 E = Time spent auto-exploring this place.
 F = Levels seen in this place.
 G = Mean time per level.
                   A        B        C        D        E       F      G
               +--------+--------+--------+--------+--------+-----+--------+
         Total |     58 |     58 |      0 |      0 |     18 |   1 |   58.0 |
       Dungeon |     58 |     58 |      0 |      0 |     18 |   1 |   58.0 |
               +--------+--------+--------+--------+--------+-----+--------+

Top non-repeatable levels by time:
       D: 58 daAuts
